Map: Ruins of Endion

Players

Glorfindel - Winner!

  • Race: Terran Terran
  • League: Master

Raphtor

  • Race: Zerg Zerg
  • League: Master

VOD

Have the link to the VOD?

Description

Time

  • Played on: April 4, 2016, 1:21 p.m.
  • Length: 10:10
Show
View Real Time Build Order
Export as new Build Order

Glorfindel Terran - Winner!

Build Orders: Reaper Expand, MMM Bio 

Get SALT Encoding   

  12  0:00  SCV  
  13  0:13  SCV  
  14  0:18  Supply Depot  
  14  0:25  SCV  
  15  0:34  Refinery  
  15  0:41  Barracks  
  15  0:45  SCV  
  17  0:57  SCV  
  17  1:09  SCV  
  18  1:27  Orbital Command  
  18  1:28  Reaper  
  19  1:42  Command Center  
  19  1:52  Supply Depot  
  19  1:54  SCV  
  20  2:00  Barracks Reactor  
  20  2:04  Refinery  
  20  2:06  SCV  
  21  2:17  Factory  
  21  2:19  SCV  
  22  2:32  SCV  
  23  2:37  Marine x2  
  23  2:44  SCV  
  26  2:54  Orbital Command  
  26  2:56  SCV  
  27  2:59  Marine x2  
  27  3:05  Widow Mine, Starport  
  31  3:09  SCV  
  32  3:14  Bunker  
  32  3:20  SCV  
  32  3:21  SCV  
  32  3:22  Marine x2  
  36  3:32  SCV, Supply Depot  
  37  3:36  SCV  
  38  3:44  SCV  
  39  3:49  SCV  
  39  3:51  Supply Depot  
  39  3:53  Medivac  
  42  3:56  SCV  
  42  4:02  SCV  
  44  4:07  Command Center  
  44  4:08  SCV  
  45  4:12  Fusion Core  
  45  4:16  Supply Depot  
  45  4:18  SCV  
  45  4:20  SCV  
  47  4:24  Starport Tech Lab  
  47  4:28  Liberator  
  47  4:30  SCV  
  48  4:33  SCV  
  48  4:36  Barracks x2  
  49  4:41  Supply Depot  
  49  4:43  SCV  
  53  4:51  SCV  
  54  5:03  SCV, Marine  
  56  5:12  SCV  
  56  5:13  Advanced Ballistics  
  57  5:15  SCV, Marine  
  57  5:16  Factory Reactor  
  57  5:18  Supply Depot  
  57  5:20  Refinery x2  
  57  5:21  Marine  
  55  5:24  Orbital Command, SCV, Barracks Tech Lab  
  55  5:27  SCV, Engineering Bay  
  56  5:30  Engineering Bay  
  54  5:36  SCV  
  54  5:39  SCV, Liberator  
  56  5:45  Barracks Tech Lab, Barracks  
  56  5:46  Marine  
  56  5:47  Barracks, Marine  
  58  5:52  Supply Depot  
  58  5:54  SCV  
  62  5:59  Terran Infantry Armor Level 1  
  62  6:05  Supply Depot  
  62  6:09  SCV  
  62  6:10  SCV  
  64  6:12  Supply Depot  
  64  6:16  Marine x2  
  66  6:20  Terran Infantry Weapons Level 1  
  66  6:22  SCV  
  66  6:24  SCV  
  68  6:33  Barracks Reactor  
  68  6:34  Barracks Reactor  
  68  6:35  Orbital Command  
  68  6:36  Stimpack  
  68  6:37  Missile Turret  
  68  6:38  SCV  
  68  6:39  Missile Turret  
  76  6:44  SCV  
  70  6:54  Armory  
  70  6:55  SCV  
  70  6:58  SCV  
  70  7:00  Marine x3  
  70  7:01  Medivac x2  
  79  7:08  Marine  
  79  7:14  SCV  
  79  7:15  Marine  
  82  7:19  Marine  
  82  7:20  SCV  
  82  7:22  Marauder, Marine x4  
  88  7:23  Supply Depot x2  
  88  7:26  SCV  
  88  7:27  SCV, Marauder, Supply Depot  
  88  7:29  Supply Depot  
  94  7:32  SCV  
  94  7:34  Medivac  
  97  7:38  SCV  
  97  7:39  SCV  
  99  7:44  SCV  
  99  7:47  Marauder  
  99  7:48  Marauder  
  99  7:50  SCV  
  99  7:51  SCV  
  103  7:54  Marine x2  
  103  7:56  SCV  
  106  8:02  SCV  
  106  8:03  SCV  
  108  8:07  Missile Turret  
  108  8:08  Refinery, Marauder, SCV  
  108  8:09  Thor, Liberator x2  
  108  8:10  Refinery  
  117  8:14  SCV  
  117  8:15  SCV  
  117  8:16  Marine x2  
  117  8:17  Marine x2  
  120  8:20  SCV  
  120  8:21  Marine x2  
  120  8:22  Missile Turret, Marauder  
  120  8:24  Combat Shields  
  131  8:28  SCV  
  132  8:37  Barracks x2, Supply Depot  
  132  8:38  Marine x2  
  132  8:39  Marauder  
  132  8:40  Barracks  
  136  8:42  Missile Turret, Marine x2  
  136  8:44  Marine  
  136  8:45  Marine  
  140  8:53  Marine  
  140  8:54  Thor  
  147  8:56  Marine  
  147  8:57  Marine  
  147  8:59  Marine  
  150  9:05  Marine  
  150  9:06  Marine x2  
  150  9:08  Marine  
  154  9:11  Marauder  
  154  9:14  Marine  
  154  9:15  Marine  
  156  9:17  Medivac x2, Marine  
  156  9:20  SCV  
  156  9:23  Marine x2  
  156  9:24  Marine  
  165  9:33  Supply Depot x3  
  165  9:34  Supply Depot  
  165  9:51  Marine x5  
  165  9:52  Marine  
Show
View Real Time Build Order
Export as new Build Order

Raphtor Zerg 

Build Orders: Hatch First, Muta Ling Bane 

Get SALT Encoding   

  12  0:00  Drone  
  13  0:13  Overlord  
  13  0:18  Drone  
  14  0:31  Drone  
  14  0:32  Drone  
  16  0:36  Drone  
  17  0:54  Hatchery  
  17  0:55  Drone  
  17  0:57  Drone  
  18  1:10  Extractor  
  17  1:13  Spawning Pool  
  17  1:15  Drone  
  17  1:19  Drone  
  18  1:29  Drone  
  19  1:40  Overlord  
  19  1:59  Queen  
  19  2:00  Zergling x2  
  19  2:01  Zergling x2  
  23  2:07  Queen  
  23  2:08  Drone  
  26  2:17  Drone, Metabolic Boost  
  26  2:20  Drone  
  28  2:25  Drone  
  29  2:32  Drone  
  29  2:33  Drone  
  31  2:42  Drone  
  31  2:43  Queen  
  34  2:49  Overlord  
  34  2:56  Drone x2  
  34  2:57  Pneumatized Carapace  
  36  3:04  Hatchery  
  35  3:13  Overlord, Drone x2  
  35  3:17  Drone x2  
  39  3:24  Drone x2  
  41  3:28  Baneling Nest  
  41  3:30  Extractor  
  40  3:34  Drone x2  
  40  3:41  Drone  
  42  3:48  Overlord, Drone  
  42  3:49  Drone x2  
  45  3:57  Spore Crawler, Drone x2  
  45  3:58  Drone x2  
  48  4:05  Overlord, Drone  
  49  4:12  Spore Crawler  
  49  4:13  Evolution Chamber  
  49  4:15  Evolution Chamber  
  46  4:20  Overlord, Drone  
  46  4:21  Drone x3  
  50  4:27  Zergling x4  
  50  4:28  Zergling x2  
  53  4:32  Queen  
  55  4:38  Zerg Melee Weapons Level 1  
  55  4:40  Extractor  
  55  4:41  Zerg Ground Armor Level 1  
  55  4:43  Extractor  
  53  4:59  Zergling x8  
  51  5:00  Zergling x6  
  53  5:07  Lair  
  53  5:12  Queen  
  53  5:13  Zergling x6  
  58  5:15  Drone x2  
  60  5:26  Overlord, Drone x2  
  61  5:33  Spore Crawler  
  60  5:40  Overlord  
  60  5:41  Drone x4  
  64  5:45  Drone x2  
  66  6:05  Overlord  
  66  6:06  Drone x6  
  66  6:07  Drone  
  73  6:11  Centrifical Hooks  
  73  6:14  Spire  
  72  6:19  Overlord x2  
  72  6:21  Zergling x2  
  72  6:22  Zergling x2  
  74  6:30  Baneling x3  
  74  6:31  Baneling x3  
  74  6:34  Queen  
  74  6:35  Queen  
  78  6:45  Zerg Ground Armor Level 2, Zerg Melee Weapons Level 2  
  78  6:50  Drone x4  
  78  6:51  Drone x2  
  84  7:05  Extractor  
  74  7:42  Mutalisk x7  
  86  8:09  Overlord x2  
  86  8:13  Hatchery  
  86  8:14  Drone x2  
  86  8:15  Overlord, Drone x5  
  92  8:20  Infestation Pit, Hatchery  
  92  8:24  Overseer  
  92  8:26  Overlord, Queen  
  92  8:30  Overlord  
  92  8:33  Overseer x2  
  92  8:36  Zergling x2  
  92  8:37  Zergling x6  
  96  8:45  Extractor  
  95  8:54  Baneling x3  
  95  8:55  Baneling  
  95  9:02  Zergling x24  
  107  9:03  Zergling x4  
  107  9:07  Baneling x2  
  107  9:08  Baneling x4  
  109  9:19  Corruptor x2  
  110  9:37  Zergling x18  
  110  9:38  Zergling x6  
  122  9:41  Baneling x6  
Tags
 
Add a new tag
Caveats
  • Supply blocks, unpowered buildings, or Contaminate may cause inaccurate times.
  • Supply counts are checked every 10 seconds.